Map: Polka LE

Players

qqq

  • Race: Zerg Zerg
  • Spawn Location: 11:00

Massa

  • Race: Terran Terran
  • League: Platinum
  • Spawn Location: 11:00

soul - Winner!

  • Race: Terran Terran
  • League: Diamond
  • Spawn Location: 5:00

hUBI - Winner!

  • Race: Terran Terran
  • Spawn Location: 5:00

VOD

Have the link to the VOD?

Description

Time

  • Played on: Feb. 17, 2021, 3:37 p.m.
  • Length: 13:47
Show
View Real Time Build Order
Export as new Build Order

qqq Zerg 

Build Orders: Hatch First, Brood Lord Corruptor 

Get SALT Encoding   

  12  0:00  Drone  
  13  0:09  Drone  
  14  0:18  Overlord  
  14  0:22  Extractor  
  14  0:26  Drone  
  14  0:54  Hatchery  
  13  0:58  Drone  
  13  1:01  Drone  
  15  1:05  Drone  
  16  1:16  Drone  
  17  1:31  Spawning Pool  
  16  1:34  Drone  
  17  1:41  Extractor  
  17  1:49  Drone x2  
  19  1:55  Drone  
  20  2:03  Drone  
  21  2:14  Drone  
  22  2:23  Drone  
  22  2:24  Queen  
  22  2:27  Lair  
  22  2:28  Drone x2  
  26  2:33  Extractor  
  26  2:34  Drone  
  26  2:39  Drone  
  26  2:42  Drone  
  28  2:49  Overlord  
  28  3:07  Queen  
  28  3:08  Drone  
  28  3:09  Drone  
  32  3:15  Drone  
  33  3:22  Hatchery  
  32  3:32  Spire  
  32  3:33  Drone  
  32  3:37  Drone  
  32  3:38  Drone  
  32  3:40  Drone  
  35  3:42  Drone  
  36  3:52  Overlord  
  36  3:53  Overlord  
  36  3:58  Metabolic Boost  
  36  4:11  Drone x3  
  36  4:14  Extractor  
  36  4:15  Extractor  
  37  4:22  Drone x3  
  40  4:28  Zergling x4, Overlord  
  40  4:30  Drone  
  43  4:38  Drone  
  44  4:39  Queen  
  44  4:41  Drone  
  44  4:43  Mutalisk  
  44  4:44  Mutalisk  
  51  4:47  Zerg Flyer Weapons Level 1  
  51  4:49  Mutalisk  
  53  4:55  Drone, Spine Crawler  
  53  4:58  Drone  
  54  5:02  Mutalisk  
  56  5:08  Mutalisk  
  56  5:10  Mutalisk  
  56  5:14  Mutalisk  
  60  5:16  Drone  
  60  5:18  Drone  
  60  5:20  Drone  
  65  5:21  Drone  
  66  5:29  Overlord x2  
  66  5:36  Drone, Infestation Pit  
  66  5:44  Overlord x2  
  66  5:54  Mutalisk  
  68  6:00  Drone x3  
  68  6:01  Drone  
  68  6:03  Hatchery  
  71  6:06  Mutalisk  
  73  6:21  Drone x7  
  73  6:22  Drone x3  
  73  6:23  Mutalisk  
  85  6:56  Mutalisk x3  
  85  6:58  Drone x6  
  97  7:04  Spore Crawler  
  97  7:06  Spore Crawler  
  95  7:08  Spore Crawler  
  95  7:11  Spore Crawler  
  95  7:13  Spore Crawler  
  92  7:16  Drone  
  92  7:17  Spore Crawler x2  
  91  7:26  Hive, Baneling Nest  
  91  7:29  Drone x3  
  93  7:32  Extractor, Mutalisk x5  
  93  7:34  Extractor  
  101  7:42  Pneumatized Carapace  
  101  7:45  Drone  
  101  7:46  Drone x2  
  101  7:47  Overseer  
  104  7:51  Spore Crawler  
  104  7:54  Drone x2, Spore Crawler  
  104  8:06  Overlord x5  
  104  8:11  Hatchery  
  104  8:12  Drone  
  104  8:17  Overlord  
  104  8:18  Overlord x3  
  104  8:22  Spine Crawler  
  104  8:24  Spore Crawler  
  102  8:35  Drone x4  
  106  8:42  Greater Spire, Corruptor x5  
  106  8:44  Hatchery  
  115  8:49  Corruptor  
  115  8:50  Corruptor  
  115  8:55  Drone x3  
  122  9:09  Drone x2  
  122  9:10  Drone  
  121  9:20  Drone x2  
  121  9:22  Corruptor x4  
  121  9:23  Corruptor x3  
  129  9:25  Drone  
  129  9:26  Drone  
  131  9:36  Extractor  
  131  9:37  Extractor  
  128  9:46  Spine Crawler, Spore Crawler  
  128  9:47  Spore Crawler  
  128  9:50  Corruptor  
  125  9:56  Overseer  
  125  10:00  Brood Lord  
  125  10:03  Brood Lord  
  133  10:09  Drone  
  133  10:10  Drone x4  
  133  10:11  Drone, Spine Crawler  
  130  10:28  Brood Lord x4  
  136  10:30  Drone x2  
  136  10:34  Spine Crawler x2  
  135  10:36  Spine Crawler  
  135  10:42  Drone x2  
  136  10:51  Spine Crawler  
  135  10:59  Viper  
  135  11:00  Viper x3  
  135  11:03  Zergling x14  
  135  11:04  Zergling x6  
  157  11:05  Drone x2  
  159  11:13  Brood Lord x2  
  159  11:14  Drone  
  138  11:45  Corruptor x2  
  138  11:46  Zergling x2, Corruptor x2  
  138  11:47  Zergling x8  
  149  11:48  Drone x3  
  149  11:51  Brood Lord x2  
  157  12:01  Drone, Corruptor  
  157  12:02  Corruptor x2  
  164  12:18  Corruptor x2  
  139  12:36  Corruptor x4  
  114  12:38  Drone x3  
  114  12:40  Zergling x6  
  110  12:54  Drone  
  110  12:56  Corruptor x3  
  110  12:57  Zergling x4  
  119  12:59  Brood Lord  
  119  13:01  Brood Lord  
  119  13:02  Drone  
  124  13:07  Mutalisk  
  117  13:32  Drone x3  
Show
View Real Time Build Order
Export as new Build Order

Massa Terran 

Build Orders:  

Get SALT Encoding   

  12  0:00  SCV  
  13  0:12  SCV  
  14  0:24  SCV  
  14  0:25  Supply Depot  
  15  0:42  Refinery  
  15  0:47  SCV  
  15  0:48  Barracks  
  16  0:54  Refinery  
  16  0:59  SCV  
  17  1:11  SCV  
  18  1:23  SCV  
  19  1:41  Reaper  
  19  1:42  Orbital Command  
  20  1:53  Supply Depot  
  20  2:11  SCV  
  20  2:12  Factory  
  21  2:19  Marine  
  22  2:33  SCV  
  23  2:45  Command Center  
  23  2:56  SCV  
  24  2:58  Starport  
  23  3:33  Starport  
  23  3:35  Starport Tech Lab  
  23  3:42  SCV  
  23  3:44  Barracks Tech Lab  
  23  3:46  Engineering Bay  
  23  3:47  Factory Tech Lab  
  23  3:48  Barracks  
  24  3:59  Supply Depot  
  24  4:01  SCV  
  25  4:04  Cloaking Field  
  25  4:05  Banshee  
  28  4:11  Starport Tech Lab  
  28  4:13  SCV  
  29  4:28  Missile Turret  
  29  4:33  Banshee  
  32  4:41  Marine  
  32  4:44  Stimpack  
  33  4:48  Banshee  
  35  5:02  Orbital Command  
  35  5:03  SCV  
  36  5:16  SCV  
  36  5:17  Barracks Reactor  
  36  5:21  Refinery, Marine  
  38  5:29  SCV  
  38  5:30  SCV  
  40  5:41  SCV  
  40  5:42  SCV  
  42  5:54  SCV  
  36  6:05  Marine, Siege Tank  
  40  6:23  Marine  
  41  6:34  Marine x2  
  41  6:35  SCV  
  41  6:36  SCV  
  45  6:41  Marine  
  46  6:48  SCV x2  
  46  6:52  Barracks, Marine x2  
  46  6:53  Barracks  
  50  6:54  Missile Turret  
  50  6:56  Barracks  
  50  6:57  Command Center, Combat Shield  
  50  6:59  Marauder  
  50  7:00  SCV x2  
  51  7:10  Marine  
  51  7:12  SCV x2  
  54  7:26  Terran Infantry Weapons Level 1  
  54  7:28  Supply Depot  
  54  7:29  Armory, Supply Depot  
  54  7:30  Supply Depot  
  54  7:36  Missile Turret  
  54  7:40  Engineering Bay  
  54  7:43  Barracks Tech Lab  
  54  7:44  Starport Tech Lab  
  54  7:45  Barracks Tech Lab, Starport Reactor  
  54  7:49  Marine x2  
  54  7:50  SCV x2, Marauder  
  61  7:53  Supply Depot  
  61  7:56  Refinery  
  60  7:58  Barracks Reactor  
  60  8:01  Siege Tank  
  60  8:02  SCV x2  
  65  8:09  Sensor Tower  
  65  8:11  Orbital Command, Marine  
  66  8:14  SCV x2  
  66  8:15  Marauder x2  
  66  8:16  Marine x2  
  74  8:20  Raven  
  74  8:24  Medivac  
  74  8:26  SCV x2  
  80  8:28  Marine  
  81  8:36  Terran Infantry Armor Level 1  
  81  8:38  SCV  
  81  8:39  SCV  
  81  8:40  SCV  
  84  8:45  Marauder  
  84  8:47  Marauder, Medivac  
  90  8:50  SCV  
  90  8:51  SCV  
  90  8:52  SCV  
  93  9:01  Refinery  
  93  9:03  Refinery  
  93  9:04  SCV  
  93  9:08  Marauder, Sensor Tower  
  96  9:13  Command Center  
  96  9:17  Marauder x2  
  96  9:21  SCV  
  101  9:42  Supply Depot x3  
  101  9:43  Supply Depot  
  101  9:50  Terran Infantry Weapons Level 2  
  101  9:53  Corvid Reactor  
  101  9:59  Terran Vehicle Weapons Level 1  
  101  10:03  SCV x2, Raven  
  101  10:04  SCV, Marauder x3  
  101  10:06  Marine x2  
  114  10:07  Marine x2, Supply Depot  
  114  10:11  Supply Depot  
  114  10:13  Supply Depot  
  116  10:15  SCV, Supply Depot  
  116  10:16  SCV  
  118  10:25  Marauder x2  
  118  10:26  Marauder  
  124  10:28  Siege Tank  
  127  10:46  Marauder x2  
  127  10:47  Marauder  
  129  11:04  Siege Tank  
  129  11:08  Marauder  
  133  11:12  Concussive Shells  
  127  11:36  Siege Tank  
  125  12:00  Marauder x2, Marine x2  
  125  12:01  Marauder, Marine x2  
  138  12:08  Siege Tank  
  138  12:15  Medivac x3  
  142  12:18  Marine  
  142  12:22  Marauder x3  
  110  12:40  Siege Tank  
  110  12:43  Marauder x2  
  117  12:45  Marauder, Marine x4, Medivac x3  
  129  12:53  Factory  
  129  12:54  Factory  
  129  13:03  Marine x2  
  129  13:04  Marauder x2  
  135  13:06  Marauder  
  135  13:12  Siege Tank  
  140  13:15  Medivac x3  
  143  13:26  Marauder  
  129  13:41  Factory Tech Lab x2  
Show
View Real Time Build Order
Export as new Build Order

soul Terran - Winner!

Build Orders: 2 Factory, Reaper Expand, Mech 

Get SALT Encoding   

  12  0:00  SCV  
  14  0:14  SCV  
  14  0:18  Supply Depot  
  14  0:26  SCV  
  15  0:40  SCV  
  16  0:46  Barracks  
  16  0:53  SCV  
  16  0:54  Refinery  
  17  1:05  SCV  
  18  1:19  SCV  
  19  1:37  Orbital Command  
  19  1:38  Reaper  
  20  1:42  Command Center  
  20  1:50  Supply Depot  
  20  2:04  SCV  
  21  2:10  Marine  
  22  2:16  SCV  
  22  2:18  Factory  
  22  2:19  Refinery  
  23  2:28  SCV  
  24  2:40  SCV  
  24  2:52  Barracks Reactor, SCV  
  24  2:54  Orbital Command  
  24  2:56  Refinery  
  25  3:04  SCV  
  26  3:08  Factory  
  26  3:16  SCV  
  27  3:22  Factory  
  27  3:23  SCV  
  28  3:28  SCV  
  29  3:37  Hellion x2  
  29  3:40  SCV x2  
  35  3:50  Refinery  
  35  3:52  SCV  
  35  3:53  SCV  
  35  3:54  Factory Tech Lab  
  37  4:00  Command Center  
  37  4:02  Hellion, Supply Depot  
  39  4:04  SCV  
  39  4:05  SCV  
  39  4:08  Hellion  
  43  4:16  SCV  
  45  4:17  SCV  
  45  4:22  Supply Depot  
  45  4:24  Engineering Bay  
  45  4:26  Siege Tank  
  45  4:27  Factory Tech Lab  
  48  4:33  Hellion  
  48  4:38  SCV x2  
  52  4:43  Supply Depot  
  52  5:00  Siege Tank  
  52  5:01  Infernal Pre-Igniter  
  52  5:05  Missile Turret  
  52  5:06  Missile Turret  
  55  5:08  SCV x2  
  55  5:11  Siege Tank  
  55  5:13  Hellion x2  
  64  5:25  SCV  
  65  5:43  Siege Tank  
  65  5:45  Orbital Command, Missile Turret  
  68  5:51  SCV x2  
  68  5:52  Missile Turret  
  68  5:56  Missile Turret  
  70  6:02  Siege Tank  
  73  6:11  Armory  
  73  6:13  Supply Depot  
  73  6:15  Siege Tank  
  73  6:16  Armory  
  70  6:25  Widow Mine x2  
  72  6:28  SCV x2  
  72  6:30  Missile Turret  
  71  6:48  SCV x3  
  71  6:53  Missile Turret  
  72  7:04  Thor x2  
  72  7:06  Hellion x2  
  88  7:10  SCV x2  
  90  7:16  Refinery  
  90  7:18  Terran Vehicle And Ship Armor Level 1, Terran Vehicle Weapons Level 1  
  90  7:26  Supply Depot  
  90  7:27  Hellion, Supply Depot  
  90  7:28  SCV  
  93  7:43  Orbital Command  
  93  7:47  Hellbat, Siege Tank  
  98  7:54  Hellbat, Thor, Supply Depot  
  106  8:08  SCV x3  
  109  8:16  Hellbat  
  109  8:19  Thor, Supply Depot  
  117  8:20  Supply Depot x2  
  117  8:25  Missile Turret  
  117  8:26  Missile Turret  
  117  8:30  Hellion, Sensor Tower  
  117  8:32  Refinery  
  124  8:41  SCV x3, Hellion x3  
  124  8:46  Starport  
  124  8:49  Starport  
  124  8:53  SCV x3  
  127  9:08  Thor  
  133  9:10  Hellbat x2  
  133  9:11  SCV  
  133  9:12  Refinery, SCV  
  135  9:37  Missile Turret x3, Thor  
  141  9:40  Starport Reactor  
  141  9:41  Starport Reactor  
  141  9:42  Terran Vehicle And Ship Armor Level 2, Terran Vehicle Weapons Level 2  
  139  9:46  SCV x2  
  141  10:00  Neosteel Armor  
  141  10:05  Supply Depot x2  
  145  10:07  Hellbat x2  
  145  10:12  Supply Depot  
  145  10:25  Liberator  
  145  10:26  Liberator  
  145  10:27  Thor  
  157  10:29  Supply Depot  
  157  10:32  Viking x2  
  161  10:39  Command Center  
  161  10:44  Thor, Hellbat  
  161  10:45  Hellbat  
  171  10:51  Command Center  
  171  10:58  SCV x3  
  174  11:09  Thor  
  174  11:10  SCV  
  181  11:20  Supply Depot  
  181  11:22  SCV x3, Supply Depot  
  184  11:30  Viking x2  
  188  11:34  SCV  
  189  11:42  SCV x2, Viking x2  
  189  11:43  Hellbat  
  189  11:44  Hellbat  
  199  11:54  SCV  
  200  12:24  Hellbat  
  184  12:43  Siege Tank  
  184  12:44  Hellbat x2  
  191  12:45  Hellbat  
  193  12:53  Planetary Fortress  
  193  13:00  Missile Turret x4  
  193  13:01  Missile Turret  
  193  13:05  Sensor Tower  
  188  13:17  Hellbat x2  
  160  13:42  Factory  
  160  13:43  Factory  
Show
View Real Time Build Order
Export as new Build Order

hUBI Terran - Winner!

Build Orders: Reaper Expand 

Get SALT Encoding   

  12  0:00  SCV  
  13  0:12  SCV  
  14  0:24  Supply Depot  
  14  0:26  SCV  
  15  0:45  SCV  
  16  0:57  SCV  
  16  0:59  Refinery  
  16  1:02  Barracks  
  17  1:12  SCV  
  18  1:37  Command Center  
  18  1:38  SCV  
  19  1:49  Reaper  
  20  2:00  Orbital Command  
  20  2:01  Barracks  
  20  2:12  Supply Depot  
  20  2:22  Barracks Tech Lab  
  20  2:32  SCV  
  21  2:41  Refinery  
  21  2:44  Marine  
  21  2:45  Factory  
  21  2:46  SCV  
  23  2:55  Orbital Command  
  23  3:13  SCV  
  23  3:15  Barracks Reactor  
  24  3:25  SCV  
  24  3:26  SCV  
  25  3:28  Marine  
  25  3:29  Stimpack  
  26  3:35  Factory Tech Lab  
  26  3:39  Engineering Bay  
  26  3:41  SCV x2  
  28  3:43  Refinery  
  28  3:46  Marine  
  29  3:53  Marine x2  
  29  3:55  SCV  
  32  3:58  SCV  
  32  3:59  Siege Tank  
  36  4:07  SCV  
  37  4:10  SCV  
  37  4:12  Refinery  
  38  4:21  SCV  
  38  4:23  Sensor Tower  
  39  4:27  Supply Depot  
  39  4:28  Engineering Bay  
  39  4:29  SCV  
  40  4:32  Supply Depot  
  40  4:34  Starport  
  40  4:35  SCV  
  40  4:36  Marine  
  40  4:37  Marine  
  43  4:41  SCV  
  44  4:47  SCV  
  45  4:57  SCV  
  45  4:59  Marine  
  46  5:00  Marine x2  
  46  5:01  Terran Infantry Armor Level 1, Terran Infantry Weapons Level 1  
  46  5:05  SCV  
  50  5:10  Medivac  
  52  5:22  Marine x2  
  52  5:23  Marine, Command Center  
  55  5:30  Missile Turret  
  55  5:33  SCV  
  56  5:36  Missile Turret  
  56  5:40  Medivac  
  47  6:17  Marine  
  48  6:22  Missile Turret x2  
  48  6:33  Viking  
  48  6:34  SCV x2  
  52  6:50  Missile Turret  
  52  6:55  Marine, Missile Turret  
  52  6:56  Marine x2  
  52  7:00  SCV  
  52  7:01  SCV  
  57  7:03  Starport Reactor  
  55  7:09  Factory Reactor  
  55  7:10  Combat Shield  
  55  7:12  SCV  
  55  7:13  SCV, Marine  
  55  7:14  Marine  
  59  7:21  Marine  
  60  7:28  Armory  
  60  7:32  SCV x2  
  62  7:38  Starport  
  62  7:46  SCV  
  62  7:47  SCV  
  64  7:59  Planetary Fortress  
  64  8:02  SCV x2  
  66  8:11  Missile Turret  
  66  8:12  Barracks  
  66  8:13  Missile Turret x2  
  66  8:14  SCV x2, Marine  
  66  8:15  Barracks, Marine x2  
  66  8:18  Starport  
  66  8:19  Starport  
  71  8:26  SCV x2  
  73  8:32  Marine  
  74  8:34  Missile Turret  
  74  8:38  Terran Infantry Armor Level 2, SCV x2, Terran Infantry Weapons Level 2  
  74  8:39  Terran Ship Weapons Level 1  
  76  8:46  Missile Turret  
  76  8:53  Supply Depot  
  76  8:55  Starport, Supply Depot  
  76  8:57  Marine  
  76  9:02  Barracks Reactor  
  77  9:03  Barracks Reactor  
  77  9:06  Starport  
  77  9:11  Supply Depot  
  77  9:15  Liberator, Raven, Marine x2, SCV  
  77  9:16  Liberator, Marine  
  77  9:17  SCV x2  
  91  9:29  SCV  
  92  9:33  Marine  
  92  9:35  Marine  
  92  9:36  Marine  
  95  9:50  Marine  
  95  9:52  Marine x2  
  97  9:53  Marine x3  
  97  9:57  Starport Reactor x2  
  101  10:02  Supply Depot  
  101  10:05  Supply Depot x2  
  101  10:13  Command Center  
  101  10:19  Fusion Core  
  101  10:22  Supply Depot  
  101  10:24  Liberator, Marine x5, Supply Depot  
  101  10:26  Liberator x2  
  115  10:30  Marine  
  115  10:31  Marine  
  116  10:57  Viking  
  117  11:04  Viking x2  
  117  11:05  Viking  
  117  11:07  Medivac  
  117  11:09  Viking, Medivac  
  129  11:18  Refinery  
  129  11:19  Refinery  
  128  11:27  Refinery, Viking  
  128  11:30  Missile Turret x3  
  128  11:32  Refinery, Missile Turret  
  100  11:40  Planetary Fortress  
  94  11:47  Medivac  
  94  11:48  Marine, Medivac  
  90  12:13  Advanced Ballistics  
  90  12:17  Marine  
  90  12:18  Marine x6  
  89  12:35  Marine  
  89  12:36  Marine x4  
  94  12:37  Viking  
  94  12:38  Viking x4  
  104  12:53  SCV x3  
  107  13:14  Viking x3  
  107  13:15  Viking x3  
Tags
 
Add a new tag
Caveats
  • Supply blocks, unpowered buildings, or Contaminate may cause inaccurate times.
  • Supply counts are checked every 10 seconds.